 Dungeon Crawl Stone Soup version 0.25-a0-937-gcfae464cf3 (webtiles) character file.

Game seed: 13532966307047131891, levelgen mode: deterministic

6520 gruber the Frost Mage (level 10, -2/50 HPs)
             Began as a Deep Elf Ice Elementalist on May 4, 2020.
             Was a Priest of Vehumet.
             Shot with an arrow by a centaur (10 damage)
             ... on level 11 of the Dungeon.
             The game lasted 00:22:04 (14358 turns).

gruber the Frost Mage (Deep Elf Ice Elementalist)  Turns: 14358, Time: 00:22:05

Health: -2/50      AC:  3    Str:  5    XL:     10   Next: 69%
Magic:  20/34      EV: 13    Int: 24    God:    Vehumet [***...]
Gold:   677        SH:  0    Dex: 15    Spells: 13/28 levels left

rFire    . . .     SeeInvis .   v - staff of cold
rCold    + . .     Gourm    .   (no shield)
rNeg     . . .     Faith    .   a - +0 robe
rPois    .         Spirit   .   (no helmet)
rElec    .         Reflect  .   t - +0 cloak
rCorr    .         Harm     .   (no gloves)
MR       +....                  (no boots)
Stlth    +++.......             (no amulet)
HPRegen  0.16/turn              G - ring of stealth
MPRegen  0.24/turn              h - ring of magical power

@: no status effects
A: no striking features
a: Renounce Religion


You were on level 11 of the Dungeon.
You worshipped Vehumet.
Vehumet was most pleased with you.
You were near starving.

You visited 2 branches of the dungeon, and saw 12 of its levels.

You collected 677 gold pieces.

Inventory:

Hand Weapons
 b - a +1 mace of protection
Missiles
 x - 31 poisoned darts (quivered)
Armour
 a - a +0 robe (worn)
 t - a +0 cloak (worn)
Magical Staves
 v - an uncursed staff of cold (weapon)
Jewellery
 h - a ring of magical power (right hand)
 j - an uncursed ring of protection from cold
 q - an uncursed ring of flight
 E - the ring "Ukustromo" {+Fly Str-5 Int+4 Dex+5}
   (You took it off an orc priest on level 9 of the Dungeon)

   [ring of flight]

   It affects your strength (-5).
   It affects your intelligence (+4).
   It affects your dexterity (+5).
   It lets you fly.
 G - a ring of stealth (left hand)
Wands
 l - a wand of iceblast (8)
 p - a wand of random effects (28)
 w - a wand of polymorph (19)
 A - a wand of enslavement (17)
 C - a wand of paralysis (5)
 K - a wand of acid (10)
Scrolls
 d - 5 scrolls of remove curse {unknown}
 e - 15 scrolls of identify {unknown}
 k - 7 scrolls of teleportation {unknown}
 n - 3 scrolls of fog {unknown}
 o - 3 scrolls of amnesia {unknown}
 s - 4 scrolls of immolation {unknown}
 y - a scroll of blinking {unknown}
 z - 3 scrolls of magic mapping {unknown}
 B - a scroll of enchant weapon {unknown}
 H - a scroll of holy word {unknown}
 I - a scroll of noise {unknown}
 J - a scroll of enchant armour {unknown}
Potions
 f - 4 potions of berserk rage {unknown}
 g - 3 potions of heal wounds {unknown}
 i - 3 potions of ambrosia {unknown}
 m - 2 potions of stabbing {unknown}
 r - 7 potions of curing {unknown}
 u - a potion of invisibility {unknown}
 D - a potion of lignification {unknown}
 F - a potion of magic {unknown}
Comestibles
 c - 17 rations


   Skills:
 - Level 0.1 Maces & Flails
 - Level 2.4 Dodging
 - Level 2.4 Stealth
 * Level 9.5 Spellcasting
 - Level 5.1 Conjurations
 - Level 5.0 Summonings
 - Level 14.3 Ice Magic


You had 13 spell levels left.
You knew the following spells:

 Your Spells              Type           Power        Failure   Level  Hunger
a - Freeze                Ice            ####         0%          1    None
b - Frozen Ramparts       Ice            ######       1%          3    None
c - Hailstorm             Conj/Ice       ######..     1%          4    #......
d - Summon Ice Beast      Ice/Summ       ######..     1%          4    #......
e - Stone Arrow           Conj/Erth      ###...       1%          3    None

Your spell library contained the following spells:

 Spells                   Type           Power        Failure   Level  Hunger
 Dazzling Flash           Conj/Hex       ###...       1%          3    None
 Foxfire                  Conj/Fire      ###.         1%          1    None
 Sandblast                Erth           ##....       1%          1    None
 Shock                    Conj/Air       ###.         1%          1    None
 Conjure Flame            Conj/Fire      ###.....     1%          3    None
 Ozocubu's Armour         Chrm/Ice       ######..     1%          3    None
 Static Discharge         Conj/Air       ###.....     1%          3    None
 Mephitic Cloud           Conj/Pois/Air  ###.....     2%          3    None
 Ice Form                 Ice/Tmut       ######..     3%          4    #......
 Ignite Poison            Fire/Tmut/Pois ##......     4%          3    None
 Inner Flame              Hex/Fire       ##......     4%          3    None
 Beastly Appendage        Tmut           ##....       5%          1    None
 Sting                    Tmut/Pois      ##..         5%          1    None
 Sticky Flame             Conj/Fire      ###.....     5%          4    #......
 Passwall                 Tmut/Erth      ##......     9%          2    None
 Poisonous Vapours        Pois/Air       ##....       9%          2    None
 Sticks to Snakes         Tmut           ##......     9%          2    None
 Swiftness                Chrm/Air       ##......     9%          2    None
 Fireball                 Conj/Fire      ###.......   14%         5    ####...
 Lightning Bolt           Conj/Air       ###.......   14%         5    ####...
 Airstrike                Air            ##........   16%         4    #......
 Olgreb's Toxic Radiance  Pois           ##......     16%         4    #......
 Spider Form              Tmut/Pois      ##........   17%         3    None
 Bolt of Magma            Conj/Fire/Erth ###.......   19%         5    ####...
 Lee's Rapid Deconstruct  Erth           ##........   36%         5    ####...
 Leda's Liquefaction      Hex/Erth       ##........   50%         4    #......
 Petrify                  Tmut/Erth      ##......     50%         4    #......
 Iron Shot                Conj/Erth      ###.......   56%         6    ######.
 Blade Hands              Tmut           ##........   83%         5    ####...
 Absolute Zero            Ice            #######...   97%         9    #######
 Statue Form              Tmut/Erth      ##.......    100%        6    ######.
 Chain Lightning          Conj/Air       ###.......   100%        8    #######
 Lehudib's Crystal Spear  Conj/Erth      ###.......   100%        8    #######
 Fire Storm               Conj/Fire      ###.......   100%        9    #######
 Shatter                  Erth           ##........   100%        9    #######


Dungeon Overview and Level Annotations

Branches:
Dungeon (11/15)            Temple (1/1) D:7            Lair (0/6) D:9
    Orc: D:9-12

Altars:
Ashenzari
Cheibriados
Dithmenos
Elyvilon
Fedhas
Gozag
Hepliaklqana
Kikubaaqudgha
Makhleb
Nemelex Xobeh
Okawaru
Qazlal
Ru
Sif Muna
Trog
Uskayaw
Vehumet
Wu Jian
Xom
Yredelemnul
Zin
The Shining One
Beogh

Shops:
D:10 [

Annotations:
D:2 1 runed translucent door, Crazy Yiuf


Message History

Your ice beast freezes the bullfrog zombie.
The bullfrog zombie resists.
The bullfrog zombie hits your ice beast.
The bullfrog zombie hits your ice beast.
Your ice beast hits the bullfrog zombie.
Your ice beast freezes the bullfrog zombie.
The bullfrog zombie resists.
Your ice beast hits the bullfrog zombie.
The bullfrog zombie is destroyed!
Vehumet accepts your kill.
Unknown command.
A centaur comes into view.
The centaur wields a +1 shortbow of flaming.
It bursts into flame!
The centaur shoots an arrow.
The arrow hits you!
* * * LOW HITPOINT WARNING * * *
The arrow burns you.
* * * LOW HITPOINT WARNING * * *
You see here an arrow.
You swap places.
The centaur shoots an arrow.
The arrow hits you!
You die...

.... .......
################.........
#..............#.........
#..............#.........
#..............#.........
#......Y@Y....$.......)..
#........###.............
#........# #.............
#........###....)).......
#........##.....)###.....
#........##......# ....
#.c......##.....(# .
#.............#### #
...........######.


O You could see a centaur and 2 friendly ice beasts.

Vanquished Creatures
  An ugly thing (D:11)
  2 hippogriffs
  2 wargs (D:9)
  A water moccasin (D:10)
  3 orc warriors
  3 sky beasts
  4 ogres
  3 wolves (D:8)
  4 centaurs
  3 big kobolds
  5 bullfrogs
  5 scorpions
  4 killer bees (D:10)
  A howler monkey (D:6)
  5 crimson imps
  11 orc wizards
  4 orc priests
  7 hounds
  A bullfrog skeleton (D:11)
  5 iguanas
  6 worker ants
  3 hound skeletons
  4 gnolls
  11 adders
  2 adder zombies
  A worm (D:7)
  2 dart slugs (D:2)
  7 leopard geckos
  69 orcs
  7 giant cockroaches
  13 hobgoblins
  10 jackals
  6 quokkas
  6 bats
  8 frilled lizards
  10 goblins
  A jackal skeleton (D:6)
  20 kobolds
  A leopard gecko skeleton (D:5)
  10 rats
271 creatures vanquished.

Vanquished Creatures (collateral kills)
  2 centaur zombies
  A hornet (D:9)
  A hippogriff (D:9)
  Grum (D:8)
  A warg (D:9)
  2 orc warriors (D:10)
  An eye of draining (D:11)
  4 ice beasts
  3 phantoms
  A wolf (D:8)
  An ogre (D:5)
  2 wyvern skeletons
  A bullfrog zombie (D:11)
  A hound (D:10)
  An orc priest (D:9)
  A centaur skeleton (D:10)
  2 hound skeletons
  2 gnolls (D:8)
  A shadow imp (D:10)
  An adder zombie (D:7)
  An adder skeleton (D:5)
  5 orcs (D:10)
  A ball python skeleton (D:5)
  A kobold (D:11)
38 creatures vanquished.

Grand Total: 309 creatures vanquished

Notes
Turn   | Place    | Note
-------+----------+-------------------------------------------
     0 | D:1      | gruber the Deep Elf Ice Elementalist began the quest for
                  | the Orb.
     0 | D:1      | Reached XP level 1. HP: 10/10 MP: 6/6
   379 | D:1      | Reached XP level 2. HP: 9/15 MP: 4/8
   528 | D:1      | Reached skill level 5 in Ice Magic
  1108 | D:1      | Reached XP level 3. HP: 19/19 MP: 7/9
  1296 | D:1      | Learned a level 3 spell: Frozen Ramparts
  1776 | D:2      | Reached XP level 4. HP: 2/24 MP: 6/12
  2571 | D:2      | Reached skill level 6 in Ice Magic
  2792 | D:2      | Found a runed translucent door.
  2793 | D:2      | Noticed Crazy Yiuf
  3863 | D:3      | Reached XP level 5. HP: 25/28 MP: 8/14
  4054 | D:3      | Reached skill level 5 in Spellcasting
  4262 | D:3      | Found a faded altar of an unknown god.
  4293 | D:3      | Learned a level 4 spell: Hailstorm
  4298 | D:3      | Learned a level 4 spell: Summon Ice Beast
  4737 | D:4      | Found a shimmering blue altar of Sif Muna.
  4767 | D:4      | Reached skill level 7 in Ice Magic
  4767 | D:4      | Reached XP level 6. HP: 27/32 MP: 8/15
  4999 | D:4      | Found a sparkling altar of Nemelex Xobeh.
  5066 | D:4      | Found an iron altar of Okawaru.
  5084 | D:4      | Reached skill level 1 in Conjurations
  5084 | D:4      | Reached skill level 1 in Summonings
  5305 | D:5      | Entered Level 5 of the Dungeon
  5545 | D:5      | Found an ancient bone altar of Kikubaaqudgha.
  5640 | D:5      | Noticed an ice beast
  5767 | D:5      | Killed an ice beast
  5767 | D:5      | Reached XP level 7. HP: 36/36 MP: 9/16
  6000 | D:5      | Found a shattered altar of Ashenzari.
  6174 | D:5      | Reached skill level 5 in Summonings
  6948 | D:6      | Reached skill level 5 in Conjurations
  7092 | D:6      | Reached XP level 8. HP: 41/41 MP: 11/17
  7585 | D:6      | Reached skill level 8 in Ice Magic
  7847 | D:7      | Reached skill level 9 in Ice Magic
  8072 | D:7      | Found a snail-covered altar of Cheibriados.
  8386 | D:7      | Found a staircase to the Ecumenical Temple.
  8394 | Temple   | Entered the Ecumenical Temple
  8593 | Temple   | Became a worshipper of Vehumet
  9067 | D:7      | Reached skill level 10 in Ice Magic
  9823 | D:8      | Reached XP level 9. HP: 45/45 MP: 12/18
  9931 | D:8      | Noticed Grum
  9932 | D:8      | Reached skill level 11 in Ice Magic
  9938 | D:8      | Killed Grum
 10374 | D:8      | Reached skill level 12 in Ice Magic
 10569 | D:8      | Reached * piety under Vehumet
 10569 | D:8      | Offered knowledge of Shock by Vehumet.
 11014 | D:9      | Reached skill level 13 in Ice Magic
 11083 | D:9      | Found a staircase to the Lair.
 11191 | D:9      | Identified the ring "Ukustromo" {+Fly Str-5 Int+4 Dex+5}
 11546 | D:9      | Reached XP level 10. HP: 43/50 MP: 4/19
 12248 | D:9      | Found an opulent altar of Gozag.
 12574 | D:10     | Entered Level 10 of the Dungeon
 12574 | D:10     | Found a shimmering altar of Xom.
 12598 | D:10     | Reached skill level 14 in Ice Magic
 12599 | D:10     | Offered knowledge of Searing Ray by Vehumet.
 12600 | D:10     | Reached ** piety under Vehumet
 12676 | D:10     | Found a roughly hewn altar of Beogh.
 12858 | D:10     | Found a snail-covered altar of Cheibriados.
 12859 | D:10     | Found Cheibriados's Comfort Zone.
 13639 | D:10     | Offered knowledge of Dazzling Flash by Vehumet.
 13696 | D:10     | Learned a level 3 spell: Stone Arrow
 14151 | D:11     | Reached *** piety under Vehumet
 14155 | D:11     | Noticed a red ugly thing
 14158 | D:11     | Killed a red ugly thing
 14329 | D:11     | Noticed a two-headed ogre
 14358 | D:11     | Shot with an arrow by a centaur

Levels and vault maps discovered:
D:1:      dpeg_arrival_rooms_with_view, layout_loops_ring
D:2:      layout_loops_corners, uniq_crazy_yiuf_cottage
D:3:      layout_basic, chequers_ecumenical_altar_simple_redux
D:4:      layout_basic, led_sif_pool, kennysheep_little_box,
          nemelex_xobeh_ov_fountains_minmay, first_ration, minmay_crystal_water,
          minmay_box_of_dots
D:5:      layout_basic, lemuel_doored_altar, lemuel_coloured_pillars_altar,
          grunt_ministairs_8
D:6:      layout_loops_ring
D:7:      layout_layer_cave, slow_altar_1, minmay_temple_entry_wispy,
          serial_rivers, chequers_serial_rivers_micro_b,
          chequers_serial_rivers_large_b, chequers_serial_rivers_micro_d,
          chequers_serial_rivers_micro_b, chequers_serial_rivers_small_3
D:8:      layout_rooms, uniq_grum
D:9:      layout_stronghold, erik_lair_orcish_takeover, basic_altar
D:10:     layout_roguey [special_room_orc], basic_altar, grunt_ogre_cave,
          minmay_shop_chei
D:11:     minmay_shrinking_squares, layout_basic, orc_0_dummy, serial_shops,
          nicolae_shop_waterfront, minivault_28, uniq_erica, uniq_sonja
Temple:   eino_temple_scatter_basement

Skill      XL: |  1  2  3  4  5  6  7  8  9 10 |
---------------+-------------------------------+-----
Ice Magic      | 5 6 7 10 13 14 | 14.3
Spellcasting   | 4 5 9 |  9.5
Conjurations   | 2 5 |  5.1
Summonings     | 3 5 |  5.0
Maces & Flails | |  0.1
Dodging        | |  2.4
Stealth        | |  2.4

Action                   |  1- 3 |  4- 6 |  7- 9 | 10-12 || total
-------------------------+-------+-------+-------+-------++-------
Melee: Unarmed           |     9 |       |       |       ||     9
       Mace              |       |    15 |       |       ||    15
       Staff             |       |    16 |    59 |    49 ||   124
Throw: Dart              |       |     2 |     8 |       ||    10
 Cast: Freeze            |    57 |    68 |    56 |    25 ||   206
       Frozen Ramparts   |     2 |    12 |    61 |    17 ||    92
       Summon Ice Beast  |       |     3 |    21 |    25 ||    49
       Hailstorm         |       |       |     6 |     6 ||    12
 Stab: Sleeping          |       |       |       |     4 ||     4
  Eat: Chunk             |     2 |    12 |    20 |     8 ||    42
       Ration            |       |       |     1 |     1 ||     2
Armor: Robe              |     5 |    16 |    25 |    20 ||    66
Dodge: Dodged            |    25 |    68 |    97 |    49 ||   239

Table legend:
 A = Non-vault XP
 B = Vault XP
 C = Vault XP percentage of total XP
 D = Non-vault monster count
 E = Vault monster count
 F = Vault count percentage of total count
                 A         B        C        D         E       F
            +---------+---------+-------+---------+---------+-------
      Total |    7490 |    1825 |  19.6 |     258 |      51 |  16.5
            +---------+---------+-------+---------+---------+-------
        D:1 |      56 |       3 |   5.1 |      37 |       2 |   5.1
        D:2 |      91 |       0 |   0.0 |      20 |       0 |   0.0
        D:3 |     169 |       0 |   0.0 |      33 |       0 |   0.0
        D:4 |     140 |       3 |   2.1 |       7 |       1 |  12.5
        D:5 |     417 |     103 |  19.8 |      20 |       4 |  16.7
        D:6 |    1026 |       0 |   0.0 |      33 |       0 |   0.0
        D:7 |     618 |       5 |   0.8 |      21 |       1 |   4.5
        D:8 |    1156 |     590 |  33.8 |      22 |       5 |  18.5
        D:9 |    1147 |     661 |  36.6 |      23 |      10 |  30.3
       D:10 |    1318 |     438 |  24.9 |      27 |      27 |  50.0
       D:11 |    1352 |      22 |   1.6 |      15 |       1 |   6.2
            +---------+---------+-------+---------+---------+-------
